 Dungeon Crawl Stone Soup version 0.28.0-45-g0d030f2227 (webtiles) character file.

Game seed: 14169468031741013264

39 jimonade the Magician (level 3, 0/26 HPs)
             Began as a Djinni Ice Elementalist on Apr 8, 2022.
             Slain by an ogre
             ... wielding a +0 giant spiked club
              (12 damage)
             ... on level 2 of the Dungeon.
             The game lasted 00:04:38 (2003 turns).

jimonade the Magician (Djinni Ice Elementalist)     Turns: 2003, Time: 00:04:39

Health: 0/26       AC:  5    Str:  7    XL:     3   Next: 67%
Gold:   84         EV: 12    Int: 18    God:
                   SH:  0    Dex: 13

rFire   + + .      SeeInvis .   h - +0 dagger (venom)
rCold   x . .      Faith    .   (no shield)
rNeg    . . .      Spirit   .   a - +0 robe
rPois   ∞          Reflect  .   (helmet currently unavailable)
rElec   .          Harm     .   (no cloak)
rCorr   .          Rampage  .   l - +2 pair of gloves
Will    .....                   (boots unavailable)
Stlth   ++........              (no amulet)
HPRegen 0.08/turn               (no ring)
MPRegen 0.00/turn               (no ring)

@: appendages, flying
A: horns 2, flying, sickness immunity, fire resistance 2, cold vulnerability 1,
float, innate caster, HP casting, extra vitality 1
a: End Transformation


You were on level 2 of the Dungeon.
You had temporarily grown beastly horns.
You visited 1 branch of the dungeon, and saw 2 of its levels.

You collected 84 gold pieces.

Inventory:

Hand Weapons
 b - a +0 dagger
 h - a +0 dagger of venom (weapon)
Missiles
 d - 11 stones
Armour
 a - a +0 robe (worn)
 e - a +0 chain mail
 f - a +0 robe
 l - a +2 pair of gloves (worn)
Scrolls
 c - a scroll of teleportation {unknown}
 i - 3 scrolls of acquirement {unknown}
 k - a scroll of identify {unknown}
Potions
 g - a potion of brilliance {unknown}
 j - 2 potions of curing {unknown}
 m - 2 potions of heal wounds {unknown}


   Skills:
 * Level 0.9 Fighting
 + Level 2.2 Dodging
 - Level 1.5 Stealth
 * Level 4.0 Spellcasting


You couldn't memorise any spells.
You knew the following spells:

 Your Spells              Type           Power      Damage    Failure   Level
a - Freeze                Ice            72%        1d9       2%          1
b - Frozen Ramparts       Ice            36%        1d5       9%          3
c - Ozocubu's Armour      Ice            18%        N/A       9%          3
d - Hailstorm             Conj/Ice       18%        3d6       28%         4
e - Beastly Appendage     Tmut           36%        N/A       2%          1
Your spell library was empty.

Dungeon Overview and Level Annotations

Branches:
Dungeon (2/15)

Altars:


Innate Abilities, Weirdness & Mutations

You have temporarily grown beastly horns.
You are flying.
You are immune to sickness and miasma.
You are immune to poison.
Your flesh is very heat resistant. (rF++)
You are vulnerable to cold. (rC-)
You float through the air rather than walking.
You learn spells naturally, not from books.
Your magical power is your life essence.
You have superior vitality. (+4 MHP)


Message History

You hit the quokka.
The quokka is poisoned.
The quokka is almost dead.
You kill the quokka!
You see here a quokka corpse.
A rat comes into view.
You freeze the rat!
You kill the rat!
A goblin and an ogre come into view.
Unknown command.
Casting: Freeze (safe; 2% risk of failure)
Confirm with . or Enter, or press ? or * to list all spells.
The spell is quite dangerous to miscast (9% risk of failure)!
Continue anyway?
Casting: Frozen Ramparts (quite dangerous; 9% risk of failure)
Press: ? - help, Dir - look around, f - activate The walls around you are covered in ice.
Casting: Frozen Ramparts (quite dangerous; 9% risk of failure)
Confirm with . or Enter, or press ? or * to list all spells.
You grow a pair of large bovine horns.
The wall freezes the ogre.
The wall freezes the ogre.
You freeze the ogre.
The ogre is moderately wounded.
The wall freezes the ogre.
The ogre hits you with a +0 giant spiked club.
You freeze the ogre.
The ogre is heavily wounded.
You freeze the ogre.
The ogre is heavily wounded.
The wall freezes the ogre.
The ogre hits you with a +0 giant spiked club.
You are too injured to fight recklessly!
You hit the ogre but do no damage.
The ogre is poisoned.
Your headbutt misses the ogre.
The ogre is heavily wounded.
The frozen ramparts melt away.
The ogre misses you.
You are too injured to fight recklessly!
You barely miss the ogre.
The ogre is heavily wounded.
The ogre hits you with a +0 giant spiked club!
You die...

########### #####
#.....O@..# #...#
#.#######.# #....
###.#######†####### #....
#.........#.....#.####....
#.#.#####.###>............
#O#...........#...####....
#.#...#..##...###.# #....
#.#.....###.... #.# ####.
#O#.####......# ..# #.


You could see an ogre (very poisoned).

Vanquished Creatures
  2 dart slugs (D:1)
  5 bats
  4 endoplasms
  3 giant cockroaches (D:1)
  3 goblins (D:1)
  5 kobolds
  2 quokkas (D:2)
  3 ball pythons
  A frilled lizard (D:2)
  2 rats
30 creatures vanquished.

Notes
Turn   | Place    | Note
-------+----------+-------------------------------------------
     0 | D:1      | jimonade the Djinni Ice Elementalist began the quest for
                  | the Orb.
     0 | D:1      | Reached XP level 1. HP: 15/15 MP: 0/0
   176 | D:1      | Reached XP level 2. HP: 9/21 MP: 0/0
   792 | D:1      | Reached XP level 3. HP: 26/26 MP: 0/0
   792 | D:1      | Learned a level 1 spell: Beastly Appendage
  1688 | D:2      | Reached skill level 4 in Spellcasting
  1986 | D:2      | Noticed an ogre
  2003 | D:2      | Slain by an ogre

Illustrated notes

Levels and vault maps discovered:
D:1:      lightli_iron_boxes, layout_basic, minivault_5, serial_bayou_lake_a
D:2:      layout_basic

Skill      XL: |  1  2  3 |
---------------+----------+-----
Spellcasting   | 4 |  4.0
Fighting       | |  0.9
Dodging        | |  2.2
Stealth        | |  1.5

Action                   || total
-------------------------++-------
Melee: Dagger            ||    13
       Punch             ||     1
 Cast: Freeze            ||    49
       Beastly Appendage ||     1
       Frozen Ramparts   ||     1
 Stab: Sleeping          ||     4
Armor: Robe              ||     8
Dodge: Dodged            ||    32
